 Seeded DCSS version 0.28-a0-1555-g9ae15a6949 (webtiles) character file.

Game seed: 1632949731941055012 (custom seed)

8 knot the Skirmisher (level 2, 24/24 HPs)
             Began as a Demonspawn Berserker on Jan 19, 2022.
             Was a Follower of Trog.
             Quit the game on level 1 of the Dungeon.
             The game lasted 00:00:37 (861 turns).

knot the Skirmisher (Demonspawn Berserker)           Turns: 861, Time: 00:00:38

Health: 24/24      AC:  5    Str: 17    XL:     2   Next: 0%
Magic:  2/2        EV: 11    Int:  8    God:    Trog [*.....]
Gold:   36         SH:  0    Dex: 12    Spells: 1/1 levels left

rFire   . . .      SeeInvis .   a - +0 hand axe
rCold   . . .      Faith    .   (no shield)
rNeg    . . .      Spirit   .   h - +0 ring mail
rPois   .          Reflect  .   (no helmet)
rElec   .          Harm     .   (no cloak)
rCorr   .          Rampage  .   (no gloves)
Will    .....                   (no boots)
Stlth   +.........              (no amulet)
HPRegen 0.08/turn               (no ring)
MPRegen 0.08/turn               (no ring)

@: no status effects
A: spiny 1
a: Renounce Religion, Berserk


You were on level 1 of the Dungeon.
You worshipped Trog.
Trog was aware of your devotion.
You visited 1 branch of the dungeon, and saw 1 of its levels.

You collected 36 gold pieces.

Inventory:

Hand Weapons
 a - a +0 hand axe (weapon)
Missiles
 b - 17 bolts
 c - 3 poisoned darts (quivered)
 e - 3 boomerangs
 i - 21 stones
 j - 16 arrows
Armour
 h - a +0 ring mail (worn)
Scrolls
 d - 2 scrolls of identify {unknown}
 f - a scroll of brand weapon {unknown}
 g - a scroll of amnesia {unknown}


   Skills:
 - Level 3.0 Fighting
 * Level 2.9 Axes
 * Level 0.5 Throwing
 - Level 1.8 Armour
 - Level 1.8 Dodging


You had one spell level left.
You didn't know any spells.
Your spell library was empty.

Dungeon Overview and Level Annotations

Branches:
Dungeon (1/15)

Altars:


Innate Abilities, Weirdness & Mutations

You are partially covered in sharp spines.


Message History

The kobold is poisoned.
Throw: 3 darts (poison)
Press: ? - help, Q - select action, (/) - cycle Shift-Dir - straight line, f/p - kobold
Aim: a kobold, wielding a +0 short sword (heavily wounded, poisoned, 50% to hit)
You throw a poisoned dart. The poisoned dart hits the kobold.
The kobold looks even sicker.
The kobold is heavily wounded.
You closely miss the kobold.
The kobold is heavily wounded.
The kobold hits you with a +0 short sword.
You closely miss the kobold.
The kobold is heavily wounded.
The kobold misses you.
You hit the kobold.
You kill the kobold!
Trog accepts your kill.
No target in view!
Things that are here:
a +0 short sword; a kobold corpse
c - 3 poisoned darts (gained 1)
You now have 36 gold pieces (gained 12).
Things that are here:
a +0 short sword; a kobold corpse You open the door.
A jackal and a bat come into view.
The jackal barks!
You hear a bark!
The jackal moves out of view.
You hear a bark! x2
A bat is nearby! 3 jackals come into view.
The jackal barks! x2
The bat closely misses you.
There are monsters nearby!
You hit the bat.
You kill the bat!
Trog accepts your kill.
You have reached level 2!
Your demonic ancestry asserts itself...
Sharp spines emerge from parts of your body.
Are you sure you want to abandon this character and quit the game? (Confirm with "yes".)

#.....#
#.#..##.......#
#.....#
#.#...#.......#
#.....#
#.#...#.......#
##...##
#.#...#.#'#####
#...# #.#...#.#.#
##### #.#...#.#.#
######'#...#.#.#
#..........#.#.#
#..........#@#+#
#.......#.##.hh.....
#.......#.##.(......
#.......#.##....h...
#.......#.##.....h..
###.....#.##........
#.....#.##........
#.....# #........
#.....#


You could see 4 jackals.

Vanquished Creatures
  2 goblins (D:1)
  2 kobolds (D:1)
  A ball python (D:1)
  A bat (D:1)
  2 frilled lizards (D:1)
8 creatures vanquished.

Notes
Turn   | Place    | Note
-------+----------+-------------------------------------------
     0 | D:1      | knot the Demonspawn Berserker began the quest for the Orb.
     0 | D:1      | Reached XP level 1. HP: 18/18 MP: 1/1
   861 | D:1      | Gained mutation: You are partially covered in sharp spines.
                  | [demonic ancestry]
   861 | D:1      | Reached XP level 2. HP: 24/24 MP: 2/2
   861 | D:1      | Quit the game

Illustrated notes

Levels and vault maps discovered:
D:1:      grunt_arrival_crossed_arrows, layout_basic, serial_shops, shop

Action                   || total
-------------------------++-------
Melee: Hand axe          ||    15
       Punch             ||     1
Throw: Dart              ||    10
Armor: Ring mail         ||     2
       Animal skin       ||     2
Dodge: Dodged            ||     8

Table legend: (Time is in decaauts)
 A = Elapsed time spent in this place.
 B = Non-inter-level travel time spent in this place.
 C = Inter-level travel time spent in this place.
 D = Time resting spent in this place.
 E = Time spent auto-exploring this place.
 F = Levels seen in this place.
 G = Mean time per level.
                   A        B        C        D        E       F      G
               +--------+--------+--------+--------+--------+-----+--------+
         Total |    863 |    863 |      0 |      0 |    779 |   1 |  863.0 |
       Dungeon |    863 |    863 |      0 |      0 |    779 |   1 |  863.0 |
               +--------+--------+--------+--------+--------+-----+--------+

Top non-repeatable levels by time:
     D:1: 863 daAuts
